MLB
LOS ANGELES ANGELS @ TEXAS RANGERS
09/11/2098
 
TOP OF THE 1ST
Los Angeles Angels batting - Pitching for Texas Rangers : RHP Antonio Jimenez
Pitching: RHP Antonio Jimenez
Batting: RHB Tom Aitken 0-0: Called Strike
0-1: Swinging Strike
0-2: Ball
1-2: Ball
2-2: Ball
3-2: Strikes out swinging
Batting: LHB Justin Manns 0-0: Called Strike
0-1: Ball
1-1: SINGLE (Line Drive, 5D, EV 96.3 MPH)
Batting: LHB Matt Evans 0-0: Called Strike
0-1: Called Strike
Justin Manns steals 2nd base
0-2: Foul Ball, location: 7LMF
0-2: Foul Ball, location: 7LMF
0-2: SINGLE (Line Drive, 89S, EV 110.6 MPH)
Justin Manns to third
Batting: RHB Edgar Pirir 0-0: Ball
1-0: Foul Ball, location: 9LDF
1-1: Fly out, F9 (Flyball, 9, EV 91.3 MPH)
Runner from 3rd tags up, SCORES, no throw by RF
Batting: LHB Trevor Martz 0-0: Ball
1-0: Called Strike
1-1: Fielders Choice at 2nd, 6-4 (Groundball, 6, EV 83.1 MPH)
Top of the 1st over - 1 run, 2 hits, 0 errors, 1 left on base; Los Angeles 1 - Texas 0
BOTTOM OF THE 1ST
Texas Rangers batting - Pitching for Los Angeles Angels : LHP Mike Fife
Pitching: LHP Mike Fife
Batting: RHB Jason Hartel 0-0: Foul Ball, location: 9LSF
0-1: Called Strike
0-2: Ground out 3-1 (Groundball, 34, EV 81.3 MPH)
Batting: RHB Chris Patrick 0-0: Ball
1-0: Foul Ball, location: 9LMF
1-1: Ball
2-1: SINGLE (Line Drive, 89S, EV 91.9 MPH)
Batting: RHB Kevin Hock 0-0: Called Strike
0-1: Called Strike
0-2: Strikes out swinging
Batting: LHB Simeone DeVito 0-0: DOUBLE (Line Drive, 78D, EV 95.6 MPH)
Chris Patrick to third
Batting: RHB Brian Ruble 0-0: Ball
1-0: Ball
2-0: Foul Ball, location: 9LSF
2-1: Ball
3-1: Base on Balls
Batting: RHB Ryan Adkins 0-0: Swinging Strike
0-1: Ground out 4-3 (Groundball, 4, EV 81.9 MPH)
Bottom of the 1st over - 0 runs, 2 hits, 0 errors, 3 left on base; Los Angeles 1 - Texas 0
TOP OF THE 2ND
Los Angeles Angels batting - Pitching for Texas Rangers : RHP Antonio Jimenez
Batting: LHB Ramon Bermudez 0-0: Ball
1-0: Ball
2-0: Ball
3-0: Called Strike
3-1: Foul Ball, location: 25FF
3-2: Strikes out swinging
Batting: RHB Randy Valdez 0-0: Ball
1-0: Foul Ball, location: 2F
1-1: SINGLE (Line Drive, 78S, EV 85.0 MPH)
Batting: RHB Juan Cruz 0-0: Called Strike
0-1: Called Strike
0-2: Strikes out swinging
Batting: RHB Dennis Jackson 0-0: Ball
1-0: Ball
2-0: Called Strike
2-1: Foul Ball, location: 2RF
2-2: Foul Ball, location: 9LMF
2-2: Ball
3-2: Foul Ball, location: 23F
3-2: SINGLE (Groundball, 15S, EV 63.8 MPH) (infield hit)
Randy Valdez to second
Batting: RHB Tom Aitken 0-0: Ball
1-0: Fly out, F4 (Line Drive, 4, EV 68.8 MPH)
Top of the 2nd over - 0 runs, 2 hits, 0 errors, 2 left on base; Los Angeles 1 - Texas 0
BOTTOM OF THE 2ND
Texas Rangers batting - Pitching for Los Angeles Angels : LHP Mike Fife
Batting: SHB Luis Chavez 0-0: Ground out 6-3 (Groundball, 56, EV 109.4 MPH)
Batting: LHB Scott Spencer 0-0: Called Strike
0-1: DOUBLE (Line Drive, 8LD, EV 103.1 MPH)
Batting: RHB Chris Daly 0-0: Ball
1-0: Called Strike
1-1: Ball
2-1: Ball
3-1: Foul Ball, location: 3SF
3-2: Fly out, F8 (Flyball, 8LXD, EV 103.1 MPH)
Runner from 2nd tags up, SAFE at 3rd, no throw by CF
Batting: RHB Jason Hartel 0-0: Swinging Strike
0-1: Foul Ball, location: 3SF
0-2: Ball
1-2: Foul Ball, location: 2RF
1-2: Foul Ball, location: 5F
1-2: Strikes out looking
Bottom of the 2nd over - 0 runs, 1 hit, 0 errors, 1 left on base; Los Angeles 1 - Texas 0
TOP OF THE 3RD
Los Angeles Angels batting - Pitching for Texas Rangers : RHP Antonio Jimenez
Batting: LHB Justin Manns 0-0: Ball
1-0: Ball
2-0: Called Strike
2-1: Foul Ball, location: 23FF
2-2: SINGLE (Line Drive, 78S, EV 91.9 MPH)
Batting: LHB Matt Evans 0-0: Called Strike
0-1: Foul Ball, location: 2F
0-2: Strikes out swinging
Batting: RHB Edgar Pirir 0-0: Ball
1-0: Foul Ball, location: 2F
1-1: Ball
2-1: SINGLE (Groundball, 34D, EV 95.6 MPH)
Justin Manns to second
Runner from 2nd tries for 3rd, SAFE, throw by RF made to third
Batting: LHB Trevor Martz 0-0: Fly out, F9 (Flyball, 89M, EV 98.1 MPH)
Runner from 3rd tags up, SCORES, no throw by RF
Batting: LHB Ramon Bermudez 0-0: Foul Ball, location: 5F
0-1: Foul Ball, location: 2F
0-2: Ball
1-2: Reached on error, E4 (Groundball, 4, EV 105.0 MPH)
Edgar Pirir to second
Batting: RHB Randy Valdez 0-0: Ball
1-0: Ball
2-0: Fly out, F9 (Flyball, 9S, EV 96.3 MPH)
Top of the 3rd over - 1 run, 2 hits, 1 error, 2 left on base; Los Angeles 2 - Texas 0
BOTTOM OF THE 3RD
Texas Rangers batting - Pitching for Los Angeles Angels : LHP Mike Fife
Batting: RHB Chris Patrick 0-0: Ball
1-0: Swinging Strike
1-1: Ball
2-1: Foul Ball, location: 9LDF
2-2: Strikes out looking
Batting: RHB Kevin Hock 0-0: Called Strike
0-1: Ball
1-1: Swinging Strike
1-2: Strikes out swinging
Batting: LHB Simeone DeVito 0-0: Foul Ball, location: 2F
0-1: Called Strike
0-2: Foul Ball, location: 7LMF
0-2: Ball
1-2: Fly out, F8 (Flyball, 8RM, EV 80.6 MPH)
Bottom of the 3rd over - 0 runs, 0 hits, 0 errors, 0 left on base; Los Angeles 2 - Texas 0
TOP OF THE 4TH
Los Angeles Angels batting - Pitching for Texas Rangers : RHP Antonio Jimenez
Batting: RHB Juan Cruz 0-0: Swinging Strike
0-1: Fly out, F8 (Flyball, 78D, EV 88.8 MPH)
Batting: RHB Dennis Jackson 0-0: Swinging Strike
0-1: Swinging Strike
0-2: Strikes out swinging
Batting: RHB Tom Aitken 0-0: Foul Ball, location: 9LMF
0-1: Called Strike
0-2: Ball
1-2: Ball
2-2: Fly out, F6 (Popup, 6M, EV 76.9 MPH)
Top of the 4th over - 0 runs, 0 hits, 0 errors, 0 left on base; Los Angeles 2 - Texas 0
BOTTOM OF THE 4TH
Texas Rangers batting - Pitching for Los Angeles Angels : LHP Mike Fife
Batting: RHB Brian Ruble 0-0: Ball
1-0: Ball
2-0: Fly out, F9 (Flyball, 9, EV 89.4 MPH)
Batting: RHB Ryan Adkins 0-0: Ball
1-0: Foul Ball, location: 2F
1-1: Ball
2-1: Ground out 5-3 (Groundball, 15, EV 68.1 MPH)
Batting: SHB Luis Chavez 0-0: SINGLE (Groundball, 13S, EV 68.8 MPH) (infield hit)
Batting: LHB Scott Spencer 0-0: Fly out, F9 (Line Drive, 9, EV 90.6 MPH)
Bottom of the 4th over - 0 runs, 1 hit, 0 errors, 1 left on base; Los Angeles 2 - Texas 0
TOP OF THE 5TH
Los Angeles Angels batting - Pitching for Texas Rangers : RHP Antonio Jimenez
Batting: LHB Justin Manns 0-0: Ground out 5-3 (Groundball, P, EV 80.0 MPH)
Batting: LHB Matt Evans 0-0: Fly out, F7 (Flyball, 7D, EV 96.9 MPH)
Batting: RHB Edgar Pirir 0-0: Called Strike
0-1: Foul Ball, location: 9LMF
0-2: Ball
1-2: Ground out 6-3 (Groundball, 6, EV 100.0 MPH)
Top of the 5th over - 0 runs, 0 hits, 0 errors, 0 left on base; Los Angeles 2 - Texas 0
BOTTOM OF THE 5TH
Texas Rangers batting - Pitching for Los Angeles Angels : LHP Mike Fife
Batting: RHB Chris Daly 0-0: Ball
1-0: Called Strike
1-1: SOLO HOME RUN (Flyball, 7LD, EV 100.0 MPH), Distance : 355 ft
Batting: RHB Jason Hartel 0-0: DOUBLE (Line Drive, 9LS, EV 95.0 MPH)
Batting: RHB Chris Patrick 0-0: Called Strike
0-1: SINGLE (Flyball, 89S, EV 97.5 MPH)
Jason Hartel to third
Batting: RHB Kevin Hock 0-0: Ball
1-0: Ball
2-0: Fly out, F8 (Line Drive, 8LM, EV 98.8 MPH)
Runner from 3rd tags up, SCORES, throw by CF
Batting: LHB Simeone DeVito 0-0: Ball
1-0: Ball
2-0: Called Strike
2-1: Swinging Strike
2-2: Ball
3-2: DOUBLE (Flyball, 7LD, EV 104.4 MPH)
Chris Patrick to third
Batting: RHB Brian Ruble 0-0: SINGLE (Groundball, 6MD, EV 94.4 MPH)
Chris Patrick scores
Simeone DeVito to third
Runner from 3rd tries for Home, SAFE, throw by CF to home
Batting: RHB Ryan Adkins 0-0: Ball
1-0: Ball
2-0: Fielders Choice at 2nd, 5-4 (Groundball, 56, EV 91.3 MPH)
Batting: SHB Luis Chavez 0-0: Ball
Ryan Adkins steals 2nd base (no throw)
1-0: SINGLE (Groundball, 4MD, EV 103.8 MPH)
Ryan Adkins to third
Runner from 3rd tries for Home, SAFE, throw by CF to home
Pitching: RHP Chris Kirby
Batting: LHB Scott Spencer 0-0: Foul Ball, location: 3DF
0-1: SINGLE (Line Drive, 4M, EV 101.9 MPH)
Luis Chavez to second
Batting: RHB Chris Daly 0-0: Ball
1-0: Called Strike
1-1: SINGLE (Groundball, 56D, EV 104.4 MPH)
Luis Chavez to third
Scott Spencer to second
Runner from 3rd tries for Home, SAFE, throw by LF to home
Batting: RHB Jason Hartel 0-0: Ball
1-0: Foul Ball, location: 5F
1-1: Called Strike
1-2: DOUBLE (Flyball, 9LM, EV 105.6 MPH)
Scott Spencer scores
Chris Daly to third
Batting: RHB Chris Patrick 0-0: Called Strike
0-1: Ground out 1-3 (Groundball, 13S, EV 70.6 MPH)
Bottom of the 5th over - 7 runs, 9 hits, 0 errors, 2 left on base; Los Angeles 2 - Texas 7
TOP OF THE 6TH
Los Angeles Angels batting - Pitching for Texas Rangers : RHP Antonio Jimenez
Batting: LHB Trevor Martz 0-0: Called Strike
0-1: Ball
1-1: Ball
2-1: SINGLE (Groundball, 56D, EV 106.3 MPH)
Batting: LHB Ramon Bermudez 0-0: Ball
1-0: Called Strike
1-1: Ball
2-1: Called Strike
Trevor Martz is caught stealing 2nd base 2-6
2-2: Foul Ball, location: 9LDF
2-2: Fly out, F7 (Flyball, 7LS, EV 96.3 MPH)
Batting: RHB Randy Valdez 0-0: Ground out 5-3 (Groundball, 5S, EV 68.8 MPH)
Top of the 6th over - 0 runs, 1 hit, 0 errors, 0 left on base; Los Angeles 2 - Texas 7
BOTTOM OF THE 6TH
Texas Rangers batting - Pitching for Los Angeles Angels : RHP Chris Kirby
Batting: RHB Kevin Hock 0-0: Foul Ball, location: 7LMF
0-1: Fly out, F8 (Flyball, 8LD, EV 90.0 MPH)
Batting: LHB Simeone DeVito 0-0: Ball
1-0: Ball
2-0: Ball
3-0: Called Strike
3-1: Called Strike
3-2: Foul Ball, location: 5FF
3-2: Foul Ball, location: 2F
3-2: Base on Balls
Batting: RHB Brian Ruble 0-0: Ball
1-0: Ball
2-0: Called Strike
2-1: Ball
3-1: Foul Ball, location: 2F
3-2: Fly out, F9 (Flyball, 89M, EV 91.9 MPH)
Batting: RHB Ryan Adkins 0-0: Called Strike
0-1: Foul Ball, location: 2F
0-2: Ball
1-2: Strikes out looking
Bottom of the 6th over - 0 runs, 0 hits, 0 errors, 1 left on base; Los Angeles 2 - Texas 7
TOP OF THE 7TH
Los Angeles Angels batting - Pitching for Texas Rangers : RHP Antonio Jimenez
Batting: RHB Juan Cruz 0-0: Ball
1-0: Called Strike
1-1: Ball
2-1: Foul Ball, location: 9LSFF
2-2: Ball
3-2: Fly out, F9 (Line Drive, 9S, EV 98.1 MPH)
Batting: RHB Dennis Jackson 0-0: Foul Ball, location: 9LDF
0-1: Swinging Strike
0-2: Foul Ball, location: 3F
0-2: Strikes out swinging
Batting: RHB Tom Aitken 0-0: Foul Ball, location: 7LMF
0-1: Ball
1-1: Swinging Strike
1-2: Ground out 5-3 (Groundball, 56S, EV 67.5 MPH)
Top of the 7th over - 0 runs, 0 hits, 0 errors, 0 left on base; Los Angeles 2 - Texas 7
BOTTOM OF THE 7TH
Texas Rangers batting - Pitching for Los Angeles Angels : RHP Chris Kirby
Pitching: RHP Darius Boatner
Batting: SHB Luis Chavez 0-0: Ball
1-0: Called Strike
1-1: Ball
2-1: Ball
3-1: Foul Ball, location: 7LSF
3-2: Base on Balls
Batting: LHB Scott Spencer 0-0: Ground out 4-3 (Groundball, 34, EV 99.4 MPH)
Luis Chavez to second
Batting: RHB Chris Daly 0-0: Called Strike
0-1: DOUBLE (Line Drive, 7LM, EV 108.1 MPH)
Luis Chavez scores
Batting: RHB Jason Hartel 0-0: Ball
1-0: Called Strike
1-1: Called Strike
1-2: Ball
2-2: Ball
3-2: SINGLE (Line Drive, 6D, EV 103.1 MPH)
Chris Daly to third
Runner from 3rd tries for Home, SAFE, throw by CF to home
Pinch Hitting: LHB Stephen Barton 0-0: Grounds into double play, 4-6-3 (Groundball, 34, EV 78.1 MPH)
Bottom of the 7th over - 2 runs, 2 hits, 0 errors, 0 left on base; Los Angeles 2 - Texas 9
TOP OF THE 8TH
Los Angeles Angels batting - Pitching for Texas Rangers : RHP Antonio Jimenez
Pitching: LHP Randy Cona
Now in LF: Stephen Barton
Batting: LHB Justin Manns 0-0: Called Strike
0-1: Ground out 4-3 (Groundball, 4, EV 91.9 MPH)
Pinch Hitting: RHB Nick Kirks 0-0: Ball
1-0: Foul Ball, location: 5FF
1-1: Fly out, F8 (Line Drive, 89S, EV 88.1 MPH)
Batting: RHB Edgar Pirir 0-0: Ball
1-0: Ground out 6-3 (Groundball, 6, EV 80.0 MPH)
Top of the 8th over - 0 runs, 0 hits, 0 errors, 0 left on base; Los Angeles 2 - Texas 9
BOTTOM OF THE 8TH
Texas Rangers batting - Pitching for Los Angeles Angels : RHP Darius Boatner
Now at 1B: Trevor Martz
Now at 3B: David Whitehead
Now in LF: Tom Aitken
Now in CF: Ramon Bermudez
Batting: RHB Kevin Hock 0-0: Ball
1-0: Ball
2-0: Fly out, F4 (Popup, 4, EV 79.4 MPH)
Batting: LHB Simeone DeVito 0-0: Ball
1-0: Foul Ball, location: 5F
1-1: Called Strike
1-2: Ball
2-2: Fly out, F7 (Flyball, 7S, EV 90.0 MPH)
Batting: RHB Brian Ruble 0-0: Called Strike
0-1: Ball
1-1: Ball
2-1: Ball
3-1: Ground out 6-3 (Groundball, 6, EV 90.0 MPH)
Bottom of the 8th over - 0 runs, 0 hits, 0 errors, 0 left on base; Los Angeles 2 - Texas 9
TOP OF THE 9TH
Los Angeles Angels batting - Pitching for Texas Rangers : LHP Randy Cona
Batting: LHB Trevor Martz 0-0: Ball
1-0: Foul Ball, location: 23FF
1-1: Foul Ball, location: 2F
1-2: Ball
2-2: Foul Ball, location: 5F
2-2: Foul Ball, location: 7LMF
2-2: Foul Ball, location: 2F
2-2: Foul Ball, location: 2F
2-2: Ball
3-2: Foul Ball, location: 7LMF
3-2: Fly out, F8 (Flyball, 8RD, EV 104.4 MPH)
Batting: LHB Ramon Bermudez 0-0: Called Strike
0-1: Ball
1-1: Foul Ball, location: 5F
1-2: Ground out 6-3 (Groundball, 6MS, EV 69.4 MPH)
Batting: RHB Randy Valdez 0-0: Ball
1-0: Called Strike
1-1: Ball
2-1: Ball
3-1: Foul Ball, location: 2F
3-2: Foul Ball, location: 2F
3-2: SOLO HOME RUN (Flyball, 78XD, EV 106.3 MPH), Distance : 404 ft
Batting: RHB Juan Cruz 0-0: Ball
1-0: Foul Ball, location: 7LMF
1-1: Called Strike
1-2: Ground out U3 (Groundball, 13, EV 94.4 MPH)
Top of the 9th over - 1 run, 1 hit, 0 errors, 0 left on base; Los Angeles 3 - Texas 9
Sunday, April 14th , 2024 - OOTP Baseball 24.11 Build 85